 Dungeon Crawl Stone Soup version 0.28.0-45-g0d030f2227 (webtiles) character file.

Game seed: 8155949099066400947

4617 raph the Carver (level 10, -2/84 HPs)
             Began as a Minotaur Gladiator on May 28, 2022.
             Was an Elder of Nemelex Xobeh.
             Slain by a troll (6 damage)
             ... on level 7 of the Dungeon.
             The game lasted 00:12:36 (7315 turns).

raph the Carver (Minotaur Gladiator)                Turns: 7315, Time: 00:12:37

Health: -2/84      AC: 15    Str: 19    XL:     10   Next: 19%
Magic:  2/12       EV: 25    Int:  2    God:    Nemelex Xobeh [****..]
Gold:   357        SH:  0    Dex: 16    Spells: 9/9 levels left

rFire   . . .      SeeInvis .   e - +1 scimitar
rCold   . . .      Faith    .   (no shield)
rNeg    . . .      Spirit   .   i - +0 chain mail
rPois   .          Reflect  .   c - +1 hat
rElec   .          Harm     .   (no cloak)
rCorr   +          Rampage  .   j - +3 Mad Mage's Maulers {Infuse+∞ RegenMP Int-3}
Will    .....                   (no boots)
Stlth   ..........              z - amulet of the acrobat
HPRegen 0.24/turn               l - ring of resist corrosion
MPRegen 0.53/turn               (no ring)

@: acrobatic
A: horns 2, retaliatory headbutt
a: Renounce Religion, Draw Escape, Draw Destruction, Draw Summoning, Triple
Draw, Deal Four


You were on level 7 of the Dungeon.
You worshipped Nemelex Xobeh.
Nemelex Xobeh was greatly pleased with you.
You visited 1 branch of the dungeon, and saw 8 of its levels.

You collected 357 gold pieces.

Inventory:

Hand Weapons
 a - a +1 long sword
 e - a +1 scimitar (weapon)
 k - a +2 long sword of holy wrath
 x - a +2 long sword of protection
Missiles
 b - a boomerang
 d - 5 throwing nets
 m - 5 poisoned darts (quivered)
 v - 4 javelins
Armour
 c - a +1 hat (worn)
 h - a +0 pair of gloves
 i - a +0 chain mail (worn)
 j - the +3 Mad Mage's Maulers (worn) {Infuse+∞ RegenMP Int-3}
   (You acquired it on level 4 of the Dungeon)

   It empowers its wearer's blows with all of their magic.
   It causes its wearer's magical reserves to regenerate more quickly.
   Int:       It affects your intelligence (-3).
 D - +0 acid dragon scales
Jewellery
 l - a ring of resist corrosion (left hand)
 z - an amulet of the acrobat (around neck)
Wands
 n - a wand of mindburst (19)
 w - a wand of flame (37)
Scrolls
 f - 2 scrolls of blinking
 g - a scroll of teleportation
 p - 5 scrolls of amnesia
 u - a scroll of fog
 B - a scroll of magic mapping
Potions
 o - 2 potions of curing
 r - a potion of haste
 s - 2 potions of attraction
 t - a potion of mutation
 A - a potion of heal wounds
 E - a potion of lignification


   Skills:
 + Level 6.6 Fighting
 + Level 13.3 Long Blades
 - Level 2.0 Throwing
 + Level 5.9 Armour
 + Level 6.6 Dodging
 + Level 4.9 Invocations


You had 9 spell levels left.
You didn't know any spells.
Your spell library contained the following spells:

 Spells                   Type           Power      Damage    Failure   Level
 Magic Dart               Conj           0%         1d3       100%        1
 Sting                    Tmut/Pois      0%         1d3       100%        1
 Call Imp                 Summ           0%         N/A       100%        2
 Poisonous Vapours        Pois/Air       0%         N/A       100%        2
 Frozen Ramparts          Ice            0%         1d2       100%        3
 Mephitic Cloud           Conj/Pois/Air  0%         N/A       100%        3
 Ice Form                 Ice/Tmut       0%         N/A       100%        4
 Olgreb's Toxic Radiance  Pois           0%         N/A       100%        4
 Summon Ice Beast         Ice/Summ       0%         N/A       100%        4
 Fireball                 Conj/Fire      0%         3d3       100%        5
 Starburst                Conj/Fire      0%         6d3       100%        6
 Ignition                 Fire           0%         3d3       100%        8


Dungeon Overview and Level Annotations

Branches:
Dungeon (8/15)             Temple (0/1) D:7
   Lair: D:8-11

Altars:
Elyvilon
Hepliaklqana
Nemelex Xobeh
Ru
Sif Muna
Zin


Innate Abilities, Weirdness & Mutations

You have a pair of horns on your head.
You reflexively headbutt those who attack you in melee.


Message History

You kill the kobold brigand!
You slash the yak! You headbutt the yak!
The yak is heavily wounded.
The yak gores you!
You barely miss the yak.
The yak is heavily wounded.
You hit the yak.
The yak is severely wounded.
The yak gores you!
You hit the yak. Your headbutt misses the yak.
The yak is almost dead.
The yak closely misses you.
You slash the yak!
You kill the yak!
You closely miss the troll. You slash the troll! You headbutt the troll.
The troll is moderately wounded.
The troll bites you!
* * * LOW HITPOINT WARNING * * *
The troll claws you.
* * * LOW HITPOINT WARNING * * *
The troll claws you but does no damage.
You draw a card...
You have drawn the Cloud.
Clouds appear around you! The troll misses you. The troll barely misses you.
The troll claws you but does no damage.
The kobold throws a stone.
The stone completely misses you.
The kobold throws a stone.
The stone completely misses you.
There is a stone staircase leading up here.
The troll bites you but does no damage. The troll claws you!
* * * LOW HITPOINT WARNING * * *
The troll closely misses you.
You climb upwards.
There is a stone staircase leading down here.
You slice the troll!!
The troll is heavily wounded.
The troll bites you!
* * * LOW HITPOINT WARNING * * *
The troll claws you.
You die...
Your body glows with a rainbow of weird colours and disappears.

##### ##...## ####.....##
..........###########
..................>.##
.................T...#
................@##..#
...........##.##.##..#
.........#.##.##.##."############
..<.....##.##....##........[.....
.................##..###..######.
##.####..........##..# ##........
....###..#.##.#..##..# #..##...#.
.........#.##.#..##..# #.#..#.#..
##...................###.#....#..


You could see a troll.

Vanquished Creatures
  Grinder (D:4)
  A shadow (D:7)
  5 yaks
  A wraith (D:7)
  A basilisk (D:7)
  A vampire mosquito (D:7)
  An acid dragon (D:7)
  4 water moccasins
  Duvessa (D:7)
  2 orc warriors (D:7)
  2 ice beasts (D:5)
  3 necrophages
  2 centaurs
  4 ogres
  A phantom (D:6)
  A kobold brigand (D:8)
  4 bullfrogs
  A scorpion (D:5)
  A water moccasin zombie (D:5)
  Dowan (D:7)
  3 howler monkeys
  2 centaur zombies (D:7)
  A hound (D:4)
  An orc priest (D:3)
  A jelly (D:5)
  A bullfrog skeleton (D:7)
  An iguana (D:7)
  Ijyb (D:3)
  An orc wizard (D:7)
  2 hound skeletons (D:4)
  A howler monkey zombie (D:4)
  Robin (D:4)
  7 adders
  A howler monkey skeleton (D:7)
  A shadow imp (D:7)
  A white imp (D:6)
  An ufetubus (D:5)
  2 worms
  6 dart slugs
  4 orcs
  6 bats
  9 endoplasms
  7 giant cockroaches
  14 goblins
  9 hobgoblins
  6 jackals
  4 kobolds
  3 quokkas
  8 ball pythons
  2 frilled lizards (D:3)
  A jackal skeleton (D:4)
  3 rats
149 creatures vanquished.

Vanquished Creatures (collateral kills)
  2 steam dragons (D:7)
  3 gnolls (D:3)
  2 rats (D:3)
7 creatures vanquished.

Vanquished Creatures (others)
  2 fungi (D:7)
  3 plants
5 creatures vanquished.

Grand Total: 161 creatures vanquished

Notes
Turn   | Place    | Note
-------+----------+-------------------------------------------
     0 | D:1      | raph the Minotaur Gladiator began the quest for the Orb.
     0 | D:1      | Reached XP level 1. HP: 18/18 MP: 0/0
    38 | D:1      | Reached skill level 4 in Long Blades
    39 | D:1      | Found a faded altar of an unknown god.
    89 | D:1      | Prayed at the altar of an unknown god.
    89 | D:1      | Became a worshipper of Nemelex Xobeh the Trickster
    89 | D:1      | Reached * piety under Nemelex Xobeh
    89 | D:1      | Received a gift from Nemelex Xobeh
   115 | D:1      | Reached XP level 2. HP: 23/25 MP: 1/1
   813 | D:2      | Reached skill level 5 in Long Blades
   819 | D:2      | Reached XP level 3. HP: 29/30 MP: 2/2
  1245 | D:3      | Reached ** piety under Nemelex Xobeh
  1270 | D:3      | Reached skill level 6 in Long Blades
  1270 | D:3      | Reached XP level 4. HP: 16/37 MP: 3/3
  1663 | D:3      | Received a gift from Nemelex Xobeh
  1858 | D:3      | Reached XP level 5. HP: 42/42 MP: 4/4
  2000 | D:3      | Noticed Ijyb
  2009 | D:3      | Killed Ijyb
  2010 | D:3      | Reached skill level 7 in Long Blades
  2488 | D:3      | Noticed an ogre
  2499 | D:3      | Killed an ogre
  2500 | D:3      | Reached skill level 8 in Long Blades
  2500 | D:3      | Reached XP level 6. HP: 35/50 MP: 5/5
  3255 | D:4      | Reached *** piety under Nemelex Xobeh
  3355 | D:4      | Reached skill level 9 in Long Blades
  3373 | D:4      | Identified a scroll of acquirement
  3373 | D:4      | Acquired the +3 Mad Mage's Maulers {Infuse+∞ RegenMP Int-3}
  3373 | D:4      | Found the +3 Mad Mage's Maulers {Infuse+∞ RegenMP Int-3}
  3411 | D:4      | Noticed Robin
  3438 | D:4      | Killed Robin
  3484 | D:4      | Received a gift from Nemelex Xobeh
  3641 | D:4      | Noticed Grinder
  3650 | D:4      | Killed Grinder
  3651 | D:4      | Reached skill level 10 in Long Blades
  3651 | D:4      | Reached XP level 7. HP: 56/56 MP: 0/6
  3683 | D:4      | Found a shimmering blue altar of Sif Muna.
  3780 | D:5      | Entered Level 5 of the Dungeon
  4064 | D:5      | Reached skill level 11 in Long Blades
  4193 | D:5      | Found a hazy altar of Hepliaklqana.
  4194 | D:5      | Found a glowing silver altar of Zin.
  4195 | D:5      | Found a sparkling altar of Nemelex Xobeh.
  4195 | D:5      | Found a sacrificial altar of Ru.
  4314 | D:5      | Reached XP level 8. HP: 62/62 MP: 1/7
  4333 | D:5      | Found a white marble altar of Elyvilon.
  4490 | D:5      | Reached skill level 12 in Long Blades
  4490 | D:5      | Reached skill level 1 in Armour
  4628 | D:5      | Received a gift from Nemelex Xobeh
  4632 | D:5      | Reached skill level 1 in Invocations
  4844 | D:6      | Reached **** piety under Nemelex Xobeh
  5208 | D:6      | Received a gift from Nemelex Xobeh
  5698 | D:7      | Found a staircase to the Ecumenical Temple.
  5726 | D:7      | Reached XP level 9. HP: 54/72 MP: 1/10
  5961 | D:7      | Reached skill level 5 in Dodging
  5966 | D:7      | Received a gift from Nemelex Xobeh
  6097 | D:7      | Reached skill level 5 in Fighting
  6230 | D:7      | Reached skill level 5 in Armour
  6237 | D:7      | Reached skill level 13 in Long Blades
  6318 | D:7      | Noticed Dowan
  6319 | D:7      | Noticed Duvessa
  6372 | D:7      | Killed Dowan
  6375 | D:7      | Killed Duvessa
  7000 | D:7      | Reached XP level 10. HP: 83/83 MP: 0/12
  7315 | D:7      | HP: 4/84 [troll (11)]
  7315 | D:7      | Slain by a troll

Illustrated notes

Levels and vault maps discovered:
D:1:      dpeg_arrival_windows_large_door, layout_rooms, basic_ecumenical_altar,
          minmay_shallow_snake_nest
D:2:      layout_basic
D:3:      minmay_thinvault, layout_loops_ring, uniq_ijyb
D:4:      layout_basic, nicolae_sif_muna_little_library, uniq_robin,
          uniq_grinder
D:5:      layout_loops_ring, marbit_many_paths, mainiacjoe_overflow_alcove_3,
          serial_bayou_pond_b
D:6:      layout_basic, minivault_19
D:7:      kennysheep_steamy, layout_loops_ring, minmay_temple_entry_mini_moons,
          minmay_shattered_shrine, uniq_duvessa
D:8:      layout_rooms, mainiacjoe_overflow_small_starburst, dpeg_oklobed_lair

Skill      XL: |  1  2  3  4  5  6  7  8  9 |
---------------+----------------------------+-----
Long Blades    | 4 5 6 8 10 11 12 13 | 13.3
Armour         | 3 5 |  5.9
Fighting       | 4 6 |  6.6
Invocations    | 2 4 |  4.9
Dodging        | 4 6 |  6.6
Throwing       | |  2.0

Action                   |  1- 3 |  4- 6 |  7- 9 | 10-12 || total
-------------------------+-------+-------+-------+-------++-------
Melee: Long sword        |    65 |   102 |   152 |       ||   319
       Headbutt          |    12 |    13 |    29 |     9 ||    63
       Punch             |       |     2 |       |       ||     2
       Scimitar          |       |       |    15 |    25 ||    40
Throw: Dart              |       |     7 |     3 |       ||    10
       Boomerang         |       |     2 |       |       ||     2
Invok: Draw Destruction  |       |     2 |     1 |       ||     3
       Draw Summoning    |       |     1 |     1 |       ||     2
       Draw Escape       |       |     1 |       |     1 ||     2
  Use: Scroll            |       |     8 |    10 |       ||    18
Armor: Leather armour    |     8 |       |       |       ||     8
       Chain mail        |    18 |    62 |    78 |     7 ||   165
Dodge: Dodged            |    34 |    45 |    59 |    22 ||   160
